 Dungeon Crawl Stone Soup version 0.31-a0-229-g1fc7ce93e2 (webtiles) character file.

Game seed: 4154065944114435813

83 qw the Shooter (level 4, -2/26 HPs)
             Began as a Gargoyle Hexslinger on July 6, 2023.
             Slain by a gnoll
             ... wielding a +0 halberd
              (7 damage)
             ... on level 3 of the Dungeon.
             The game lasted 00:00:48 (1826 turns).

qw the Shooter (Gargoyle Hexslinger)                Turns: 1826, Time: 00:00:49

Health: -2/26      AC: 10    Str:  8 (11) XL:     4   Next: 44%
Magic:  5/5        EV: 10    Int: 11 (14) God:
Gold:   122        SH:  0    Dex: 12 (14) Spells: 4/5 levels left

rFire   . . .        Y - +1 sling
rCold   . . .        (no shield)
rNeg    + . .        d - +0 ring mail
rPois   inf          h - +1 helmet
rElec   +            (no cloak)
rCorr   .            (no gloves)
SInv    .            (no boots)
Will    .....        (no amulet)
Stlth   +            (no ring)
HPRegen 0.24/turn    (no ring)
MPRegen 0.09/turn

%: no passive effects
@: no status effects
A: sickness immunity, AC +3, negative energy resistance 1, electricity
resistance, torment resistance 1, petrification resistance
a: no special abilities


You were on level 3 of the Dungeon.
You visited 1 branch of the dungeon, and saw 3 of its levels.

You collected 122 gold pieces.


Innate Abilities, Weirdness & Mutations

You are immune to sickness and miasma.
Your stone body is resilient. (AC +3)
You are immune to poison.
You resist negative energy. (rN+)
You are resistant to electric shocks. (rElec)
You are resistant to unholy torment.
You are immune to petrification.


   Skills:
 - Level 2.0 Fighting
 + Level 3.9 Ranged Weapons
 - Level 1.3 Armour
 - Level 1.5 Dodging
 - Level 1.0 Spellcasting
 - Level 2.6 Hexes


You had 4 spell levels left.
You knew the following spells:

 Your Spells              Type           Power      Damage    Failure   Level
a - Slow                  Hex            24%        N/A       32%         1

Your spell library contained the following spells:

 Spells                   Type           Power      Damage    Failure   Level
 Inner Flame              Hex/Fire       3%         N/A       86%         3
 Portal Projectile        Hex/Tloc       6%         N/A       86%         3
 Cause Fear               Hex            3%         N/A       97%         4

Inventory:

Hand Weapons
 Y - a +1 sling (weapon)
Armour
 d - a +0 ring mail (worn)
 h - a +1 helmet (worn)
Jewellery
 b - a +6 ring of strength
Scrolls
 e - a scroll of identify
Potions
 a - a potion of curing {unknown}
 c - a potion of lignification {unknown}

Dungeon Overview and Level Annotations

Branches:
Dungeon (3/15)

Altars:


Message History

The gnoll is lightly wounded.
You shoot a sling bullet.
The sling bullet hits the gnoll but does no damage.
You shoot a sling bullet.
The sling bullet closely misses the gnoll.
You shoot a sling bullet. The sling bullet hits the gnoll.
The gnoll is moderately wounded.
The gnoll closely misses you. x2
A gnoll comes into view. It is wielding a +0 halberd.
The gnoll barely misses you. The gnoll hits you but does no damage.
You shoot a sling bullet.
The sling bullet barely misses the gnoll.
The gnoll shouts!
The sling bullet hits the gnoll.
The gnoll is moderately wounded.
The gnoll hits you with a +0 flail.
The gnoll hits you from afar with a +0 halberd!
The gnoll hits you from afar with a +0 spear.
You shoot a sling bullet. The sling bullet hits the gnoll!
The gnoll is heavily wounded.
The gnoll hits you with a +0 flail. The gnoll misses you. x2
1823 ||| DRINKING potion of heal wounds.
You feel much better. The gnoll barely misses you.
The gnoll hits you but does no damage.
The gnoll hits you from afar with a +0 spear.
You shoot a sling bullet. The sling bullet hits the gnoll!
You kill the gnoll!
The gnoll hits you but does no damage. The gnoll barely misses you.
The gnoll hits you from afar with a +0 spear.
The gnoll closely misses you.
Your Armour skill increases to level 1!
You shoot a sling bullet.
The sling bullet barely misses the gnoll.
The gnoll closely misses you. The gnoll barely misses you.
The gnoll hits you but does no damage.
You shoot a sling bullet.
The sling bullet barely misses the gnoll.
The gnoll hits you but does no damage.
The gnoll hits you from afar with a +0 halberd! x2
You die... # .## #.........# ... +.........+ .# ......... ## ...>... ..... ggg

#)# #@#
.#########.##
............#
#########...##
#.....##
##.....#
#.###.### #.#
... #.###.###


You could see 3 gnolls.

Vanquished Creatures
  An adder (D:2)
  A gnoll (D:3)
  A worm (D:2)
  2 dart slugs
  5 ball pythons
  6 bats
  7 endoplasms
  A giant cockroach (D:1)
  9 goblins
  A hobgoblin (D:1)
  6 jackals (D:2)
  2 quokkas
  2 frilled lizards (D:1)
  4 kobolds
  6 rats
54 creatures vanquished.

Notes
Turn   | Place    | Note
-------+----------+-------------------------------------------
     0 | D:1      | qw the Gargoyle Hexslinger began the quest for the Orb.
     0 | D:1      | Reached XP level 1. HP: 12/12 MP: 2/2
     0 | D:1      | 0 ||| qw: Version: 0.3-a-46-gb1f654a
     0 | D:1      | 0 ||| qw: Game counter: 1668
     0 | D:1      | 0 ||| qw: Melee chars always use a shield: true
     0 | D:1      | 0 ||| qw: God list: Okawaru
     0 | D:1      | 0 ||| qw: Allow faded altars: false
     0 | D:1      | 0 ||| qw: Do Orc after clearing Dungeon:15 true
     0 | D:1      | 0 ||| qw: Do second Lair branch before Depths: true
     0 | D:1      | 0 ||| qw: Lair rune preference: random
     0 | D:1      | 0 ||| qw: Goals: Normal
     0 | D:1      | 0 ||| PLANNING D:1-11
    58 | D:1      | Reached XP level 2. HP: 16/16 MP: 3/3
   108 | D:1      | Reached skill level 3 in Ranged Weapons
   176 | D:1      | HP: 4/16 [ball python (1)]
   179 | D:1      | 179 ||| FLEEEEING.
   180 | D:1      | 180 ||| FLEEEEING.
   208 | D:1      | 208 ||| FLEEEEING.
   445 | D:1      | Reached XP level 3. HP: 21/21 MP: 4/4
   471 | D:1      | Found a faded altar of an unknown god.
   678 | D:1      | 678 ||| UPGRADING to +0 helmet.
   683 | D:1      | 683 ||| UPGRADING to +0 leather armour.
   693 | D:1      | 693 ||| DROPPING +0 robe.
   694 | D:1      | 694 ||| READING scroll labelled WUIWEO CETRORCHIG.
   695 | D:1      | 695 ||| READING 2 scrolls labelled JAUMUU SUERCH.
   696 | D:1      | 696 ||| READING 2 scrolls labelled QUAFOCL ARAMEF.
   697 | D:1      | 697 ||| READING scroll labelled JIORES ANYOT.
   698 | D:1      | 698 ||| DRINKING 2 fuming blue potions.
   699 | D:1      | 699 ||| DROPPING scroll of poison.
   700 | D:1      | 700 ||| DROPPING scroll of vulnerability.
   886 | D:2      | Identified the +7 dagger "Upeo" {pain, *Rage rElec Str+4
                  | SInv}
  1235 | D:2      | Reached XP level 4. HP: 22/26 MP: 5/5
  1391 | D:2      | Identified the +4 long sword of Fuecajir {heavy, *Rage rC-
                  | Str+4 Stlth+}
  1480 | D:2      | 1480 ||| UPGRADING to +0 ring mail.
  1490 | D:2      | 1490 ||| DROPPING +0 leather armour.
  1491 | D:2      | 1491 ||| READING scroll labelled ZOAMIL QUXTURY.
  1492 | D:2      | 1492 ||| DRINKING 2 blue potions.
  1493 | D:2      | 1493 ||| DROPPING potion of degeneration.
  1735 | D:3      | 1735 ||| READING scroll of enchant armour.
  1735 | D:3      | 1735 ||| ENCHANTING +0 helmet.
  1822 | D:3      | HP: 3/26 [gnoll/+0 flail (5)]
  1823 | D:3      | 1823 ||| DRINKING potion of heal wounds.
  1825 | D:3      | Reached skill level 1 in Armour
  1826 | D:3      | Slain by a gnoll

Levels and vault maps discovered:
D:1:      tekkud_arrival_beachfront_property, layout_basic,
          hellmonk_ecumenical_altar_prayer_group
D:2:      layout_loops_ring
D:3:      layout_loops_corners, grunt_ministairs_6, uniq_natasha

Skill      XL: |  1  2  3  4 |
---------------+-------------+-----
Ranged Weapons | 3 |  3.9
Fighting       | 2 |  2.0
Armour         | 1 |  1.3
Dodging        | |  1.5
Spellcasting   | |  1.0
Hexes          | |  2.6

Action                     |  1- 3 |  4- 6 || total
---------------------------+-------+-------++-------
   Fire: Sling             |   142 |    53 ||   195
    Use: Scroll            |     4 |     2 ||     6
         Potion            |     1 |     2 ||     3
 Armour: Robe              |     6 |       ||     6
         Leather armour    |    28 |     7 ||    35
         Ring mail         |       |    10 ||    10
  Dodge: Dodged            |    70 |    18 ||    88

Table legend:
 A = Non-vault XP
 B = Vault XP
 C = Vault XP percentage of total XP
 D = Non-vault monster count
 E = Vault monster count
 F = Vault count percentage of total count
                 A         B        C        D         E       F
            +---------+---------+-------+---------+---------+-------
      Total |     110 |       9 |   7.6 |      50 |       4 |   7.4
            +---------+---------+-------+---------+---------+-------
        D:1 |      34 |       3 |   8.1 |      23 |       2 |   8.0
        D:2 |      53 |       0 |   0.0 |      21 |       0 |   0.0
        D:3 |      23 |       6 |  20.7 |       6 |       2 |  25.0
            +---------+---------+-------+---------+---------+-------
